 Dungeon Crawl Stone Soup version 0.25-a0-253-g6f1b5d974a (console) character file.

Game seed: 16443002839169445499, levelgen mode: deterministic

11625 Kagalorn the Frost Mage (level 11, -25/83 HPs)
             Began as a Gnoll Ice Elementalist on Dec 5, 2019.
             Was an Initiate of Gozag.
             Hit by a silver javelin thrown by a minotaur (30 damage)
             ... in a Gauntlet.
             The game lasted 00:58:34 (11618 turns).

Kagalorn the Frost Mage (Gnoll Ice Elementalist)   Turns: 11618, Time: 00:58:34

Health: -25/83     AC: 13    Str: 14    XL:     11   Next: 80%
Magic:  23/23      EV: 14    Int: 21    God:    Gozag
Gold:   1766       SH:  0    Dex: 15    Spells: 15/26 levels left

rFire    . . .     SeeInvis .   X - +2 spear (venom)
rCold    . . .     Gourm    .   (no shield)
rNeg     . . .     Faith    .   D - +2 scale mail of Integrity {Regen+}
rPois    .         Spirit   .   k - +0 helmet
rElec    .         Reflect  .   H - +0 cloak
rCorr    .         Harm     .   B - +0 pair of gloves
MR       .....     NoTele   +   (no boots)
Stlth    ++........             J - amulet of regeneration
HPRegen  0.63/turn              L - +3 ring of strength
MPRegen  0.18/turn              C - ring of wizardry

@: studying Translocations
A: distributed training, fangs 1, strong nose
a: Potion Petition, Call Merchant, Bribe Branch, Renounce Religion


You were in a Gauntlet.
You worshipped Gozag.
Gozag was most pleased with you.
You were not hungry.

You visited 3 branches of the dungeon, and saw 13 of its levels.
You also visited: Gauntlet.

You collected 2704 gold pieces.
You spent 837 gold pieces at shops.
You paid 101 gold pieces to Gozag.

Inventory:

Hand Weapons
 a - a +4 broad axe of chopping
 b - the +5 mace "Qetag" {holy, Str+3}
   (You found it on level 6 of the Dungeon)

   It has been blessed by the Shining One to cause great damage to the undead
   and demons.
   It affects your strength (+3).
 n - a +0 shortbow
 X - a +2 spear of venom (weapon)
Missiles
 c - 3 silver javelins
 d - 369 stones (quivered)
 h - 141 bolts
 x - 268 arrows
 z - 91 sling bullets
Armour
 k - a +0 helmet (worn)
 B - a +0 pair of gloves (worn)
 D - the +2 scale mail of Integrity (worn) {Regen+}
   (You found it on level 7 of the Dungeon)

   It increases your rate of regeneration.
 H - a +0 cloak (worn)
Magical Staves
 W - an uncursed staff of power
Jewellery
 l - an uncursed ring of protection from magic
 s - the ring "Ufroba" {Int+3 Stlth-}
   (You found it in a Gauntlet)

   [ring of attention]

   It affects your intelligence (+3).
   It makes you less stealthy.
 w - an uncursed ring of flight
 C - a ring of wizardry (right hand)
 I - the amulet "Ifae" {RegenMP Str+3 Dex+5 Stlth-}
   (You bought it in a shop on level 7 of the Dungeon)

   [amulet of magic regeneration]

   It increases your magic regeneration.
   It affects your strength (+3).
   It affects your dexterity (+5).
   It makes you less stealthy.
 J - an amulet of regeneration (around neck)
 L - a +3 ring of strength (left hand)
 R - an uncursed ring of resist corrosion
 S - the ring "Ceydul" {Fire MR+ Dex+4 SInv}
   (You found it on level 8 of the Dungeon)

   [ring of fire]

   It enhances your fire magic.
   It affects your dexterity (+4).
   It protects you from fire.
   It makes you vulnerable to cold.
   It affects your resistance to hostile enchantments.
   It lets you see invisible.
 T - an uncursed ring of poison resistance
 U - a +4 amulet of reflection
Wands
 q - a wand of iceblast (8)
 E - a wand of paralysis (15)
 G - a wand of polymorph (7)
 P - a wand of digging (13)
Scrolls
 e - 6 scrolls of teleportation
 m - 4 scrolls of remove curse
 o - 2 scrolls of enchant weapon
 y - 6 scrolls of fear
 K - a scroll of summoning {unknown}
 O - 3 scrolls of amnesia
 Q - a scroll of silence {unknown}
Potions
 f - 5 potions of brilliance
 g - 5 potions of lignification
 i - 3 potions of flight
 j - 2 potions of mutation
 p - 3 potions of haste
 r - a potion of heal wounds
 t - 2 potions of curing
 v - 2 potions of resistance
 A - 2 potions of might
 F - a potion of magic
 M - a potion of agility
 N - a potion of cancellation
Books
 V - a manual of Translocations


   Skills:
 + Level 6.5 Fighting
 + Level 6.5 Short Blades
 + Level 6.5 Long Blades
 + Level 6.5 Axes
 + Level 6.5 Maces & Flails
 + Level 6.5 Polearms
 + Level 6.5 Staves
 + Level 6.5 Slings
 + Level 6.5 Bows
 + Level 6.5 Crossbows
 + Level 6.5 Throwing
 + Level 6.5 Armour
 + Level 8.0 Dodging
 + Level 7.8 Stealth
 + Level 6.5 Shields
 + Level 6.5 Unarmed Combat
 + Level 8.3 Spellcasting
 + Level 5.4 Conjurations
 + Level 5.4 Hexes
 + Level 5.4 Charms
 + Level 5.4 Summonings
 + Level 5.4 Necromancy
 + Level 6.0 Translocations
 + Level 5.4 Transmutations
 + Level 5.4 Fire Magic
 + Level 9.0 Ice Magic
 + Level 5.4 Air Magic
 + Level 5.4 Earth Magic
 + Level 5.4 Poison Magic
 + Level 7.1 Invocations
 + Level 6.5 Evocations


You had 15 spell levels left.
You knew the following spells:

 Your Spells              Type           Power        Failure   Level  Hunger
a - Freeze                Ice            ####         1%          1    None
b - Hailstorm             Conj/Ice       #####...     6%          4    ###....
c - Summon Ice Beast      Ice/Summ       #####...     6%          4    ###....
g - Blink                 Tloc           N/A          1%          2    None

Your spell library contained the following spells:

 Spells                   Type           Power        Failure   Level  Hunger
 Animate Skeleton         Necr           N/A          1%          1    None
 Pain                     Necr           ####         1%          1    None
 Shroud of Golubria       Chrm/Tloc      ####..       1%          2    None
 Ozocubu's Armour         Chrm/Ice       #####...     1%          3    None
 Gell's Gravitas          Tloc           ####......   2%          3    None
 Lesser Beckoning         Tloc           ####......   2%          3    None
 Teleport Other           Tloc           ####....     2%          3    None
 Regeneration             Chrm/Necr      ####......   3%          3    None
 Vampiric Draining        Necr           ####......   3%          3    None
 Passage of Golubria      Tloc           N/A          10%         4    ###....
 Animate Dead             Necr           N/A          12%         4    ###....


Dungeon Overview and Level Annotations

Branches:
Dungeon (10/15)            Temple (1/1) D:4            Lair (1/6) D:10
    Orc (0/2) D:10        Gauntlet (1/1)

Altars:
Ashenzari
Cheibriados
Dithmenos
Elyvilon
Fedhas
Gozag
Hepliaklqana
Kikubaaqudgha
Makhleb
Nemelex Xobeh
Okawaru
Qazlal
Ru
Sif Muna
Trog
Uskayaw
Vehumet
Wu Jian
Xom
Yredelemnul
Zin
The Shining One

Shops:
D:2 *   D:7 ![**

Annotations:
D:5 2 transporters
D:7 3 runed translucent doors, RedPan's ghost, novice TrMo
D:9 exclusions: catoblepas and 1 more exclusion Gauntlet 10 transporters


Innate Abilities, Weirdness & Mutations

Your experience applies equally to all skills.
You have very sharp teeth.
Your uncanny sense of smell can sniff out nearby items.


Message History

You see here a silver javelin.
The minotaur throws a silver javelin.
The silver javelin pierces through you!!
* * * LOW HITPOINT WARNING * * *
x2 You see here a silver javelin.
The minotaur throws a silver javelin.
The silver javelin pierces through you!!
* * * LOW HITPOINT WARNING * * *
x2 You see here a silver javelin.
You feel much better.
c - 3 silver javelins (gained 1)
The minotaur bellows!
The minotaur throws a silver javelin.
The silver javelin pierces through you!!
* * * LOW HITPOINT WARNING * * *
x2 You see here 2 silver javelins.
The minotaur throws a silver javelin.
The silver javelin pierces through you!!
You die...
Your body crumbles into a pile of gold.

##..#.55....42#...#.....#...#..##
8#..###########...###########..#8
##........#©#.......#©#........##
#≈.......#.#..≈∩≈..#.#.......≈#
##########.#########.##########
#8# ..............§§# #8# ###
.8.8.8.8.8.8.8§8# ###
........(.H.(..≈#
###.###@###.##### ###(###.###.###
#.............# #.###.###.###.#
#.###(###.###.# #......((.....#
#######'####### ...H. ###.###


You could see a minotaur.

Vanquished Creatures
  A two-headed ogre (D:10)
  A cyclops (D:9)
  A centaur zombie (D:10)
  A spiny frog (Lair:1)
  2 komodo dragons
  A queen bee (Gauntlet)
  Prince Ribbit (D:7)
  A hippogriff (D:9)
  6 yaks (D:9)
  A wraith (D:10)
  A hungry ghost (D:10)
  Edmund (D:5)
  An acid dragon (D:9)
  2 soldier ants (D:10)
  A porcupine (Lair:1)
  3 water moccasins
  An orc warrior (D:7)
  2 sky beasts
  A phantom (D:6)
  4 necrophages
  A wolf (Lair:1)
  4 ogres
  6 centaurs
  2 crocodiles (Lair:1)
  A big kobold (D:9)
  8 bullfrogs
  A wyvern skeleton (D:10)
  3 scorpions
  6 killer bees
  4 howler monkeys
  5 crimson imps
  A quasit (D:4)
  3 hounds
  4 centaur skeletons
  2 jellies (D:6)
  6 orc wizards
  2 gnoll shamans
  A bullfrog skeleton (D:9)
  4 iguanas
  Crazy Yiuf (D:6)
  12 orc priests
  Jessica (D:3)
  9 worker ants
  2 killer bee zombies
  A howler monkey skeleton (D:9)
  15 gnolls
  17 adders
  3 shadow imps
  5 worms
  3 adder skeletons
  An adder zombie (D:7)
  3 dart slugs
  7 leopard geckos
  41 orcs
  5 giant cockroaches
  4 goblins
  9 hobgoblins
  9 jackals
  4 quokkas
  A bat (D:1)
  2 frilled lizards
  A jackal zombie (D:5)
  10 kobolds
  A leopard gecko zombie (D:7)
  A quokka skeleton (D:4)
  9 rats
274 creatures vanquished.

Vanquished Creatures (collateral kills)
  A great orb of eyes (Gauntlet)
  A hydra (Lair:1)
  An ugly thing (Gauntlet)
  A black mamba (Lair:2)
  A vampire (D:9)
  A bullfrog zombie (D:10)
6 creatures vanquished.

Vanquished Creatures (others)
  2 plants (D:10)
2 creatures vanquished.

Grand Total: 282 creatures vanquished

Notes
Turn   | Place    | Note
-------+----------+-------------------------------------------
     0 | D:1      | Kagalorn the Gnoll Ice Elementalist began the quest for the
                  | Orb.
     0 | D:1      | Reached XP level 1. HP: 13/13 MP: 6/6
   792 | D:2      | Reached XP level 2. HP: 15/19 MP: 5/7
   914 | D:2      | You fall into a shaft and drop 2 floors!
  1029 | D:2      | Reached XP level 3. HP: 13/25 MP: 6/9
  1040 | D:3      | Reached skill level 5 in Spellcasting
  1418 | D:2      | Reached skill level 1 in Invocations
  1448 | D:2      | Found Gozag's Platinum Reserve.
  1461 | D:2      | Found an opulent altar of Gozag.
  1500 | D:2      | Became a worshipper of Gozag Ym Sagoz the Greedy
  1531 | D:2      | Reached skill level 1 in Fighting
  1531 | D:2      | Reached skill level 1 in Short Blades
  1531 | D:2      | Reached skill level 1 in Long Blades
  1531 | D:2      | Reached skill level 1 in Axes
  1531 | D:2      | Reached skill level 1 in Maces & Flails
  1531 | D:2      | Reached skill level 1 in Polearms
  1531 | D:2      | Reached skill level 1 in Staves
  1531 | D:2      | Reached skill level 1 in Slings
  1531 | D:2      | Reached skill level 1 in Bows
  1531 | D:2      | Reached skill level 1 in Crossbows
  1531 | D:2      | Reached skill level 1 in Throwing
  1531 | D:2      | Reached skill level 1 in Armour
  1531 | D:2      | Reached skill level 1 in Shields
  1531 | D:2      | Reached skill level 1 in Unarmed Combat
  1531 | D:2      | Reached skill level 1 in Evocations
  1531 | D:2      | Reached XP level 4. HP: 27/32 MP: 7/11
  1599 | D:2      | Reached skill level 1 in Conjurations
  1599 | D:2      | Reached skill level 1 in Hexes
  1599 | D:2      | Reached skill level 1 in Charms
  1599 | D:2      | Reached skill level 1 in Summonings
  1599 | D:2      | Reached skill level 1 in Necromancy
  1599 | D:2      | Reached skill level 1 in Translocations
  1599 | D:2      | Reached skill level 1 in Transmutations
  1599 | D:2      | Reached skill level 1 in Fire Magic
  1599 | D:2      | Reached skill level 1 in Air Magic
  1599 | D:2      | Reached skill level 1 in Earth Magic
  1599 | D:2      | Reached skill level 1 in Poison Magic
  1840 | D:2      | Reached XP level 5. HP: 32/37 MP: 9/12
  2411 | D:3      | Reached XP level 6. HP: 44/44 MP: 6/13
  2600 | D:3      | Noticed Jessica
  2619 | D:3      | Reached skill level 5 in Dodging
  2629 | D:3      | Killed Jessica
  3002 | D:4      | Reached XP level 7. HP: 50/50 MP: 9/15
  3328 | D:4      | Found a staircase to the Ecumenical Temple.
  3342 | Temple   | Entered the Ecumenical Temple
  3703 | D:4      | Reached skill level 5 in Stealth
  4167 | D:5      | Entered Level 5 of the Dungeon
  4232 | D:5      | Noticed Edmund
  4245 | D:5      | Killed Edmund
  4245 | D:5      | Reached XP level 8. HP: 54/57 MP: 9/16
  4253 | D:5      | Found a transporter.
  4282 | D:5      | Found a radiant altar of Vehumet.
  4326 | D:5      | Found a transporter.
  5469 | D:6      | Found a runed translucent door.
  5470 | D:6      | Noticed Crazy Yiuf
  5478 | D:6      | Killed Crazy Yiuf
  5499 | D:6      | Got a translucent mace
  5834 | D:7      | Identified the +5 mace "Qetag" {holy, Str+3} (You found it
                  | on level 6 of the Dungeon)
  5867 | D:7      | Noticed Prince Ribbit
  5886 | D:7      | Killed Prince Ribbit
  5886 | D:7      | Reached XP level 9. HP: 44/65 MP: 15/18
  5953 | D:7      | Found Wisuful's Antique Armour Boutique.
  6398 | D:7      | Found Utasurr's Assorted Antiques.
  6419 | D:7      | Bought a slimy crystal amulet for 145 gold pieces
  6419 | D:7      | Bought a large ruby amulet for 145 gold pieces
  6419 | D:7      | Bought a scroll labeled ZAUTIL XUEPS for 29 gold pieces
  6419 | D:7      | Bought a scroll labeled BAYREW FOGHACO for 29 gold pieces
  6419 | D:7      | Bought a ruby potion for 26 gold pieces
  6420 | D:7      | Identified the amulet "Ifae" {RegenMP Str+3 Dex+5 Stlth-}
                  | (You bought it in a shop on level 7 of the Dungeon)
  6555 | D:7      | Found Juotedos's Assorted Antiques.
  6561 | D:7      | Bought a glowing hat for 175 gold pieces
  6561 | D:7      | Bought a red potion for 22 gold pieces
  6612 | D:7      | Identified the +1 leather armour of Starshine {rC+ Dex+3}
  6644 | D:7      | Reached skill level 8 in Ice Magic
  6700 | D:7      | Found Ufomu's Distillery.
  6732 | D:7      | Bought a potion of lignification for 42 gold pieces
  6732 | D:7      | Bought a potion of flight for 42 gold pieces
  6732 | D:7      | Bought a potion of agility for 56 gold pieces
  6732 | D:7      | Bought a potion of cancellation for 112 gold pieces
  6732 | D:7      | Bought a potion of degeneration for 14 gold pieces
  6880 | D:7      | Found a runed translucent gate.
  6882 | D:7      | Found a runed translucent gate.
  6882 | D:7      | Noticed RedPan's ghost (novice TrMo)
  6883 | D:7      | Found a runed translucent gate.
  6894 | D:7      | Got a ruby-encrusted scale mail
  6923 | D:7      | Identified the +2 scale mail of Integrity {Regen+} (You
                  | found it on level 7 of the Dungeon)
  6955 | D:7      | You fall into a shaft and drop 3 floors!
  6955 | D:10     | Entered Level 10 of the Dungeon
  6975 | D:10     | Reached skill level 5 in Invocations
  6993 | D:10     | Noticed a two-headed ogre
  7045 | D:10     | Reached XP level 10. HP: 72/73 MP: 20/20
  7150 | D:10     | Found a staircase to the Orcish Mines.
  7356 | D:9      | Reached skill level 5 in Fighting
  7356 | D:9      | Reached skill level 5 in Short Blades
  7356 | D:9      | Reached skill level 5 in Long Blades
  7356 | D:9      | Reached skill level 5 in Axes
  7356 | D:9      | Reached skill level 5 in Maces & Flails
  7356 | D:9      | Reached skill level 5 in Polearms
  7356 | D:9      | Reached skill level 5 in Staves
  7356 | D:9      | Reached skill level 5 in Slings
  7356 | D:9      | Reached skill level 5 in Bows
  7356 | D:9      | Reached skill level 5 in Crossbows
  7356 | D:9      | Reached skill level 5 in Throwing
  7356 | D:9      | Reached skill level 5 in Armour
  7356 | D:9      | Reached skill level 5 in Shields
  7356 | D:9      | Reached skill level 5 in Unarmed Combat
  7356 | D:9      | Reached skill level 5 in Evocations
  7424 | D:9      | Found a shimmering altar of Xom.
  7973 | D:8      | Got a flickering turquoise ring
  7975 | D:8      | Identified the ring "Ceydul" {Fire MR+ Dex+4 SInv} (You
                  | found it on level 8 of the Dungeon)
  8316 | D:9      | Noticed a catoblepas
  8367 | D:9      | Found a bloodstained altar of Trog.
  8367 | D:9      | Found a snail-covered altar of Cheibriados.
  8367 | D:9      | Found a shimmering blue altar of Sif Muna.
  8367 | D:9      | Found a hazy altar of Hepliaklqana.
  8395 | D:9      | Found an opulent altar of Gozag.
  8395 | D:9      | Found a white marble altar of Elyvilon.
  8534 | D:9      | Learned a level 4 spell: Hailstorm
  8539 | D:9      | Learned a level 4 spell: Summon Ice Beast
  8546 | D:9      | Noticed a cyclops
  9547 | D:9      | Killed a cyclops
  9547 | D:9      | Reached XP level 11. HP: 27/81 MP: 14/22
  9834 | D:10     | Killed a two-headed ogre
  9834 | D:10     | Reached skill level 5 in Translocations
  9932 | D:10     | Found a staircase to the Lair.
 10004 | D:10     | Reached skill level 5 in Conjurations
 10004 | D:10     | Reached skill level 5 in Hexes
 10004 | D:10     | Reached skill level 5 in Charms
 10004 | D:10     | Reached skill level 5 in Summonings
 10004 | D:10     | Reached skill level 5 in Necromancy
 10004 | D:10     | Reached skill level 5 in Transmutations
 10004 | D:10     | Reached skill level 5 in Fire Magic
 10004 | D:10     | Reached skill level 5 in Air Magic
 10004 | D:10     | Reached skill level 5 in Earth Magic
 10004 | D:10     | Reached skill level 5 in Poison Magic
 10302 | Lair:1   | Entered Level 1 of the Lair of Beasts
 10332 | Lair:1   | Noticed a four-headed hydra
 10343 | Lair:1   | Learned a level 2 spell: Blink
 10354 | Lair:1   | Killed a four-headed hydra
 10765 | Lair:1   | You fall into a shaft and drop 1 floor!
 10805 | Lair:2   | Reached skill level 9 in Ice Magic
 10808 | Lair:2   | Found a gate leading to a gauntlet.
 10817 | Gauntlet | Entered a Gauntlet
 10817 | Gauntlet | Found a transporter.
 10817 | Gauntlet | Found a transporter.
 10822 | Gauntlet | Noticed a tengu warrior
 10823 | Gauntlet | Found a transporter.
 10838 | Gauntlet | Found a transporter.
 10852 | Gauntlet | Found a transporter.
 10865 | Gauntlet | Found a transporter.
 10880 | Gauntlet | Noticed a great orb of eyes
 10880 | Gauntlet | Noticed a green ugly thing
 10952 | Gauntlet | Found a transporter.
 10954 | Gauntlet | Noticed a tengu warrior
 10963 | Gauntlet | Found a transporter.
 10981 | Gauntlet | Found a transporter.
 10993 | Gauntlet | Found a transporter.
 11008 | Gauntlet | Noticed a reaper
 11082 | Gauntlet | Found a transporter.
 11092 | Gauntlet | Found a transporter.
 11093 | Gauntlet | Noticed a worldbinder
 11100 | Gauntlet | Found a transporter.
 11102 | Gauntlet | Found a transporter.
 11102 | Gauntlet | Found a transporter.
 11126 | Gauntlet | Found a transporter.
 11408 | Gauntlet | Killed a cyan ugly thing
 11415 | Gauntlet | Killed a great orb of eyes
 11434 | Gauntlet | Got a pitted marble ring
 11436 | Gauntlet | Identified the ring "Ufroba" {Int+3 Stlth-} (You found it
                  | in a Gauntlet)
 11504 | Gauntlet | Noticed a minotaur
 11606 | Gauntlet | HP: 3/83 [minotaur/silver javelin (18)]
 11617 | Gauntlet | HP: 4/83 [minotaur/silver javelin (7)]
 11618 | Gauntlet | Hit by a silver javelin thrown by a minotaur

Levels and vault maps discovered:
D:1:      wheals_arrival_linesprint, layout_loops_corners
D:2:      layout_loops_ring, nicolae_gozag_zags_fifth_avenue
D:3:      layout_loops_ring, uniq_jessica
D:4:      layout_loops_cross, minmay_temple_entry_statues_pillars, first_ration
D:5:      gammafunk_steamed_eel, layout_rooms, old_standard_altar, st_stairs_7,
          uniq_edmund
D:6:      layout_basic, uniq_crazy_yiuf_cottage
D:7:      layout_basic, serial_shops, nicolae_shop_trees, shop, shop,
          nicolae_shop_waterfront, gammafunk_ghost_nasty_kobolds,
          uniq_prince_ribbit1
D:8:      layout_loops_ring
D:9:      minmay_the_grid_4x2 [minmay_the_grid_dragon_b,
          minmay_the_grid_spin_star, minmay_the_grid_outer_diamond,
          minmay_the_grid_tree, minmay_the_grid_spikes, minmay_the_grid_empty,
          minmay_the_grid_medium_cups, minmay_the_grid_prize_trominoes],
          layout_long_grid, minmay_overflow_temple_hex, basic_altar
D:10:     layout_long_grid, david_lair_shrubbed, orc_0_dummy
Temple:   regret_index_temple_generic_petals
Lair:1:   layout_chaotic_city, chequers_serial_rivers_room_a,
          beast_lair_carwin_6, serial_bayou_shore_a
Lair:2:   layout_cave_pods, gauntlet_entry_generic, minmay_lair_oklob_chamber,
          serial_bayou_shore_b, grunt_megastairs_5
Gauntlet: gammafunk_gauntlet_branching [nicolae_gauntlet_arena_flowing_pool,
          gammafunk_gauntlet_arena_chambers, nicolae_gauntlet_arena_grate_2,
          gammafunk_gauntlet_arena_corners, gammafunk_gauntlet_arena_crates,
          nicolae_gauntlet_arena_blocks, gammafunk_gauntlet_arena_teeth,
          gammafunk_gauntlet_arena_split_x, gauntlet_exit_watery]

Skill      XL: |  1  2  3  4  5  6  7  8  9 10 11 |
---------------+----------------------------------+-----
Spellcasting   | 5 6 7 8 |  8.3
Invocations    | 1 2 3 4 5 6 7 |  7.1
Fighting       | 1 2 3 4 5 6 |  6.5
Short Blades   | 1 2 3 4 5 6 |  6.5
Long Blades    | 1 2 3 4 5 6 |  6.5
Axes           | 1 2 3 4 5 6 |  6.5
Maces & Flails | 1 2 3 4 5 6 |  6.5
Polearms       | 1 2 3 4 5 6 |  6.5
Staves         | 1 2 3 4 5 6 |  6.5
Slings         | 1 2 3 4 5 6 |  6.5
Bows           | 1 2 3 4 5 6 |  6.5
Crossbows      | 1 2 3 4 5 6 |  6.5
Throwing       | 1 2 3 4 5 6 |  6.5
Armour         | 1 2 3 4 5 6 |  6.5
Shields        | 1 2 3 4 5 6 |  6.5
Unarmed Combat | 1 2 3 4 5 6 |  6.5
Evocations     | 1 2 3 4 5 6 |  6.5
Conjurations   | 1 2 3 4 5 |  5.4
Hexes          | 1 2 3 4 5 |  5.4
Charms         | 1 2 3 4 5 |  5.4
Summonings     | 1 2 3 4 5 |  5.4
Necromancy     | 1 2 3 4 5 |  5.4
Translocations | 1 2 3 4 6 |  6.0
Transmutations | 1 2 3 4 5 |  5.4
Fire Magic     | 1 2 3 4 5 |  5.4
Air Magic      | 1 2 3 4 5 |  5.4
Earth Magic    | 1 2 3 4 5 |  5.4
Poison Magic   | 1 2 3 4 5 |  5.4
Dodging        | 5 6 7 8 |  8.0
Stealth        | 5 6 7 |  7.8
Ice Magic      | 8 9 |  9.0

Action                   |  1- 3 |  4- 6 |  7- 9 | 10-12 || total
-------------------------+-------+-------+-------+-------++-------
Melee: Unarmed           |     2 |       |       |       ||     2
       Short sword       |     3 |     2 |       |       ||     5
       Bite              |     1 |     3 |    23 |    57 ||    84
       Quarterstaff      |       |     9 |       |       ||     9
       Dagger            |       |    14 |     8 |       ||    22
       Spear             |       |       |   204 |   373 ||   577
       Flail             |       |       |    15 |       ||    15
       Mace              |       |       |    18 |    56 ||    74
       Punch             |       |       |     1 |     7 ||     8
       Broad axe         |       |       |       |    85 ||    85
 Cast: Freeze            |    48 |    94 |   110 |    48 ||   300
       Summon Ice Beast  |       |       |       |    10 ||    10
       Hailstorm         |       |       |       |     3 ||     3
 Abil: Evoke Flight      |       |       |       |     1 ||     1
Evoke: Wand              |       |       |     2 |     1 ||     3
  Use: Scroll            |       |       |     7 |    13 ||    20
       Potion            |       |       |       |     6 ||     6
 Stab: Sleeping          |     1 |       |    13 |    10 ||    24
       Distracted        |       |       |     2 |     4 ||     6
       Paralysed         |       |       |     6 |       ||     6
  Eat: Chunk             |     2 |       |       |       ||     2
       Ration            |       |     1 |     4 |     6 ||    11
Armor: Robe              |     5 |     4 |       |       ||     9
       Ring mail         |       |    14 |    77 |    24 ||   115
       Scale mail        |       |       |    15 |   153 ||   168
       Skin              |       |       |       |    20 ||    20
Dodge: Dodged            |    32 |    69 |   196 |   368 ||   665

Table legend:
 A = Non-vault XP
 B = Vault XP
 C = Vault XP percentage of total XP
 D = Non-vault monster count
 E = Vault monster count
 F = Vault count percentage of total count
                 A         B        C        D         E       F
            +---------+---------+-------+---------+---------+-------
      Total |   11706 |    4902 |  29.5 |     249 |      31 |  11.1
            +---------+---------+-------+---------+---------+-------
        D:1 |       9 |       0 |   0.0 |       6 |       0 |   0.0
        D:2 |     145 |       0 |   0.0 |      30 |       0 |   0.0
        D:3 |     437 |      37 |   7.8 |      44 |       1 |   2.2
        D:4 |     563 |       0 |   0.0 |      37 |       0 |   0.0
        D:5 |     224 |     166 |  42.6 |      13 |       1 |   7.1
        D:6 |     658 |      39 |   5.6 |      12 |       1 |   7.7
        D:7 |    1010 |     286 |  22.1 |      25 |       1 |   3.8
        D:8 |    1005 |       0 |   0.0 |      21 |       0 |   0.0
        D:9 |    2251 |    1776 |  44.1 |      36 |      16 |  30.8
       D:10 |    3151 |     367 |  10.4 |      17 |       1 |   5.6
     Lair:1 |    1620 |     446 |  21.6 |       5 |       4 |  44.4
     Lair:2 |     633 |       0 |   0.0 |       3 |       0 |   0.0
   Gauntlet |       0 |    1785 | 100.0 |       0 |       6 | 100.0
            +---------+---------+-------+---------+---------+-------
